 Dungeon Crawl Stone Soup version 0.29.1-1-gd02db6906a (webtiles) character file.

Game seed: 5940585997522521264

2297 MisterFreud the Covert (level 9, -4/74 HPs)
             Began as a Gnoll Delver on Sept 25, 2022.
             Was an Initiate of Yredelemnul.
             Slain by an orc warrior
             ... wielding a +0 glaive
              (10 damage)
             ... on level 7 of the Dungeon.
             The game lasted 00:07:26 (7344 turns).

MisterFreud the Covert (Gnoll Delver)               Turns: 7344, Time: 00:07:27

Health: -4/74      AC:  4    Str: 15    XL:     9   Next: 40%
Magic:  15/15      EV: 14    Int: 14    God:    Yredelemnul [......]
Gold:   356        SH:  0    Dex: 13    Spells: 16/16 levels left

rFire   + . .      SeeInvis .   j - +9 hand axe "Hydrabane" {vorpal, rF+ rN+ Str+3}
rCold   . . .      Faith    .   (no shield)
rNeg    + . .      Spirit   .   b - +0 leather armour
rPois   .          Reflect  .   (no helmet)
rElec   .          Harm     .   (no cloak)
rCorr   .          Rampage  .   p - +0 pair of gloves
Will    .....                   (no boots)
Stlth   ++++......              (no amulet)
HPRegen 0.22/turn               (no ring)
MPRegen 0.14/turn               (no ring)

@: no status effects
A: fangs 1, strong nose, distributed training
a: Renounce Religion, Recall Undead Harvest


You were on level 7 of the Dungeon.
You worshipped Yredelemnul.
Yredelemnul was noncommittal.
You visited 1 branch of the dungeon, and saw 7 of its levels.

You collected 356 gold pieces.

Inventory:

Hand Weapons
 j - the +9 hand axe "Hydrabane" (weapon) {vorpal, rF+ rN+ Str+3}
   (You found it on level 6 of the Dungeon)

   It inflicts extra damage upon your enemies.
   Str:       It affects your strength (+3).
   rF:        It protects you from fire.
   rN:        It protects you from negative energy.
 k - a +2 short sword of venom
Missiles
 l - 17 boomerangs (quivered)
 q - 5 boomerangs of dispersal
 v - 22 poisoned darts
 y - 2 throwing nets
Armour
 b - a +0 leather armour (worn)
 p - a +0 pair of gloves (worn)
Wands
 g - a wand of digging (3)
 h - a wand of mindburst (5)
 x - a wand of iceblast (10)
 B - a wand of flame (13)
Scrolls
 a - a scroll of amnesia
 c - a scroll of fog
 d - 4 scrolls of magic mapping
 e - 2 scrolls of fear
 m - a scroll of teleportation
 n - a scroll of vulnerability
 r - a scroll of blinking
 t - a scroll of identify
 u - a scroll of enchant weapon
 z - a scroll of immolation
 A - a scroll of torment
Potions
 f - 2 potions of haste
 i - 2 potions of brilliance
 o - a potion of resistance
 s - 2 potions of curing
 w - a potion of might


   Skills:
 + Level 8.0 Fighting
 + Level 6.4 Short Blades
 + Level 4.3 Long Blades
 + Level 4.3 Axes
 + Level 4.3 Maces & Flails
 + Level 4.3 Polearms
 + Level 4.3 Staves
 + Level 4.3 Ranged Weapons
 + Level 4.3 Throwing
 + Level 4.3 Armour
 + Level 6.4 Dodging
 + Level 10.5 Stealth
 + Level 4.3 Shields
 + Level 4.3 Unarmed Combat
 + Level 4.3 Spellcasting
 + Level 3.6 Conjurations
 + Level 3.6 Hexes
 + Level 3.6 Summonings
 + Level 3.6 Necromancy
 + Level 3.6 Translocations
 + Level 3.6 Transmutations
 + Level 3.6 Fire Magic
 + Level 3.6 Ice Magic
 + Level 3.6 Air Magic
 + Level 3.6 Earth Magic
 + Level 3.6 Poison Magic
 + Level 4.8 Invocations
 + Level 4.3 Evocations


You had 16 spell levels left.
You didn't know any spells.
Your spell library contained the following spells:

 Spells                   Type           Power      Damage    Failure   Level
 Frozen Ramparts          Ice            26%        1d4       16%         3
 Gell's Gravitas          Tloc           13%        N/A       16%         3
 Lesser Beckoning         Tloc           13%        N/A       16%         3
 Teleport Other           Tloc           13%        N/A       16%         3
 Ice Form                 Ice/Tmut       13%        N/A       45%         4
 Summon Ice Beast         Ice/Summ       13%        N/A       45%         4


Dungeon Overview and Level Annotations

Branches:
Dungeon (7/15)             Temple (0/1) D:6

Altars:
Cheibriados
Gozag
Hepliaklqana
Kikubaaqudgha
Makhleb
Okawaru
Xom
Yredelemnul
Zin
The Shining One

Shops:
D:2 (   D:7 =

Annotations:
D:3 1 runed translucent door, mtoz's ghost, amateur DECj


Innate Abilities, Weirdness & Mutations

You have very sharp teeth.
Your uncanny sense of smell can sniff out nearby items.
Your experience applies equally to all skills.


Message History

There is a stone staircase leading down here.
Okay, then.
Unknown command.
As you read the scroll of identify, it crumbles to dust.
w - a potion of might
As you read the scroll of identify, it crumbles to dust.
z - a scroll of immolation
As you read the scroll of identify, it crumbles to dust.
A - a scroll of torment You start resting.
HP restored.
You climb downwards.
Found a stone staircase leading down.
There is a stone staircase leading up here.
The orc warrior shouts!
You hit the orc warrior.
The orc warrior is lightly wounded.
You hear a shout!
You hear an angry hiss.
The orc warrior unwields a +0 arbalest.
The orc warrior wields a +0 glaive.
The orc warrior hits you with a +0 glaive!
A wyvern comes into view.
The wyvern hisses angrily.
You slash the orc warrior!
The orc warrior is heavily wounded.
The orc warrior hits you with a +0 glaive!!
Unknown command.
You closely miss the orc warrior.
The orc warrior is heavily wounded.
The orc warrior misses you.
You hit the orc warrior.
The orc warrior is almost dead.
The orc priest invokes the aid of Beogh against you.
Beogh smites you!
An ice beast comes into view.
The orc warrior hits you with a +0 glaive!!
* * * LOW HITPOINT WARNING * * *
The orc priest looks satisfied for a moment.
The orc warrior hits you with a +0 glaive!
You die...
Your body rises from the dead as a mindless zombie. #[..####### ###.)...... ### #...#####.# ..# #.### #.# ###.### ... #.# ..o..<.## #####.# Ylo

.
#.....#
#o#
#'##..#
#@#
#.#...#
#.#
#.#####
#.#
##∩# ∆
#.#
#≈.#
#.#
#≈.#
#.#
##<#
.># #.#
### #.#
#+#


You could see an orc warrior, a wyvern, an ice beast, an orc priest and an orc
wizard.

Vanquished Creatures
  Grinder (D:5)
  Sigmund (D:3)
  A steam dragon (D:6)
  Edmund (D:5)
  An ice beast (D:6)
  2 black bears (D:5)
  A phantom (D:5)
  A bullfrog (D:7)
  3 necrophages
  A scorpion (D:4)
  A gnoll bouda (D:6)
  3 jellies
  4 iguanas
  Natasha (D:3)
  3 orc wizards
  9 gnolls
  An adder (D:6)
  A white imp (D:6)
  3 worms
  2 dart slugs
  19 orcs
  13 ball pythons
  6 endoplasms
  6 giant cockroaches
  3 goblins
  10 hobgoblins
  7 quokkas
  5 bats
  2 frilled lizards (D:1)
  8 kobolds
  3 rats
123 creatures vanquished.

Vanquished Creatures (collateral kills)
  Prince Ribbit (D:6)
  Eustachio (D:6)
  A centaur (D:6)
  A kobold brigand (D:6)
  2 gnolls (D:6)
6 creatures vanquished.

Vanquished Creatures (others)
  5 dream sheep (D:5)
  An iguana zombie (D:6)
  A jelly zombie (D:7)
  A gnoll zombie (D:6)
  3 orc zombies
  12 plants (D:3)
23 creatures vanquished.

Grand Total: 152 creatures vanquished

Notes
Turn   | Place    | Note
-------+----------+-------------------------------------------
     0 | D:5      | Reached skill level 9 in Stealth
     0 | D:5      | MisterFreud the Gnoll Delver began the quest for the Orb.
     0 | D:5      | Reached XP level 1. HP: 23/23 MP: 1/1
    38 | D:5      | Noticed an orc wizard
    40 | D:5      | Noticed an orc wizard
    74 | D:6      | Identified the +9 hand axe "Hydrabane" {vorpal, rF+ rN+
                  | Str+3}
   155 | D:5      | Noticed an iguana
   179 | D:4      | Found a hazy altar of Hepliaklqana.
   180 | D:4      | Noticed an orc wizard
   189 | D:4      | Killed an orc wizard
   190 | D:4      | Reached XP level 2. HP: 13/29 MP: 1/3
   190 | D:4      | Reached XP level 3. HP: 15/35 MP: 1/4
   191 | D:4      | Reached skill level 1 in Invocations
   699 | D:3      | Found a faded altar of an unknown god.
   776 | D:1      | Reached skill level 1 in Long Blades
   776 | D:1      | Reached skill level 1 in Axes
   776 | D:1      | Reached skill level 1 in Maces & Flails
   776 | D:1      | Reached skill level 1 in Polearms
   776 | D:1      | Reached skill level 1 in Staves
   776 | D:1      | Reached skill level 1 in Ranged Weapons
   776 | D:1      | Reached skill level 1 in Throwing
   776 | D:1      | Reached skill level 1 in Armour
   776 | D:1      | Reached skill level 1 in Shields
   776 | D:1      | Reached skill level 1 in Unarmed Combat
   776 | D:1      | Reached skill level 1 in Spellcasting
   776 | D:1      | Reached skill level 1 in Evocations
   966 | D:1      | Reached XP level 4. HP: 41/41 MP: 5/5
  1583 | D:1      | Reached skill level 1 in Conjurations
  1583 | D:1      | Reached skill level 1 in Hexes
  1583 | D:1      | Reached skill level 1 in Summonings
  1583 | D:1      | Reached skill level 1 in Necromancy
  1583 | D:1      | Reached skill level 1 in Translocations
  1583 | D:1      | Reached skill level 1 in Transmutations
  1583 | D:1      | Reached skill level 1 in Fire Magic
  1583 | D:1      | Reached skill level 1 in Ice Magic
  1583 | D:1      | Reached skill level 1 in Air Magic
  1583 | D:1      | Reached skill level 1 in Earth Magic
  1583 | D:1      | Reached skill level 1 in Poison Magic
  2268 | D:2      | Found Ephat's Weapon Shop.
  2656 | D:3      | Found a burning altar of Makhleb.
  2689 | D:3      | Noticed Sigmund
  2708 | D:3      | Killed Sigmund
  2709 | D:3      | Reached skill level 5 in Short Blades
  2709 | D:3      | Reached skill level 5 in Dodging
  2709 | D:3      | Reached XP level 5. HP: 7/47 MP: 5/7
  2709 | D:3      | Reached XP level 6. HP: 7/53 MP: 5/8
  3248 | D:3      | Found an opulent altar of Gozag.
  3328 | D:3      | Noticed Natasha
  3334 | D:3      | Killed Natasha
  3398 | D:3      | Found a runed translucent door.
  3428 | D:3      | Noticed mtoz's ghost (amateur DECj)
  3582 | D:4      | Found a glowing golden altar of the Shining One.
  3952 | D:4      | Found a snail-covered altar of Cheibriados.
  3955 | D:4      | Found an iron altar of Okawaru.
  4271 | D:5      | Noticed Grinder
  4273 | D:5      | Paralysed by Grinder for 2 turns
  4285 | D:5      | Killed Grinder
  4286 | D:5      | Reached XP level 7. HP: 37/60 MP: 10/10
  4410 | D:5      | Reached skill level 10 in Stealth
  4580 | D:5      | Reached XP level 8. HP: 40/67 MP: 12/12
  4608 | D:5      | Noticed Edmund
  4619 | D:5      | Killed Edmund
  5176 | D:5      | Found a basalt altar of Yredelemnul.
  5197 | D:5      | Became a worshipper of Yredelemnul the Dark
  5231 | D:5      | Noticed a dream sheep
  5231 | D:5      | Noticed a dream sheep
  5231 | D:5      | Noticed a dream sheep
  5231 | D:5      | Noticed a dream sheep
  5231 | D:5      | Noticed a dream sheep
  5231 | D:5      | Found a shimmering altar of Xom.
  5235 | D:5      | Killed a dream sheep
  5236 | D:5      | Reached * piety under Yredelemnul
  5237 | D:5      | Killed a dream sheep
  5237 | D:5      | Killed a dream sheep
  5237 | D:5      | Killed a dream sheep
  5237 | D:5      | Killed a dream sheep
  5485 | D:6      | Found a staircase to the Ecumenical Temple.
  5709 | D:6      | Found an ancient bone altar of Kikubaaqudgha.
  5749 | D:6      | Noticed Eustachio
  5762 | D:6      | Killed Eustachio
  5786 | D:6      | Reached XP level 9. HP: 45/73 MP: 14/14
  6025 | D:6      | Found a glowing silver altar of Zin.
  6062 | D:6      | Reached ** piety under Yredelemnul
  6468 | D:6      | Noticed Prince Ribbit
  6479 | D:6      | Killed Prince Ribbit
  6720 | D:6      | Reached *** piety under Yredelemnul
  6961 | D:7      | Found Luummy's Jewellery Shop.
  6999 | D:7      | HP: 2/74 [something/magic dart (3)]
  7344 | D:7      | Slain by an orc warrior

Illustrated notes

Levels and vault maps discovered:
D:1:      nicolae_arrival_somewhat_less_tricky_arrival, layout_basic,
          kennysheep_doodads, ebering_dispersal_statue_hall
D:2:      layout_rooms, serial_shops, nicolae_shop_trees, grunt_ministairs_2
D:3:      layout_loops_corners, mainiacjoe_overflow_chevrons, bloody_makhleb,
          ebering_ghost_sewer_d, basic_ecumenical_altar, minmay_strange_pillars,
          uniq_natasha, uniq_sigmund
D:4:      layout_gridville, tso_altar, amcnicky_altar_gilded,
          nicolae_overflow_squiral
D:5:      layout_basic, kb_xom_exploding_sheep,
          mainiacjoe_overflow_cross_hatched, uniq_edmund, uniq_grinder
D:6:      layout_gridville, kiku_gazebo_pond_becter, kennysheep_little_box,
          minmay_temple_entry_statues_fountains, uniq_prince_ribbit1,
          uniq_eustachio
D:7:      layout_loops_ring, serial_shops, nicolae_shop_hallway_stairs

Skill      XL: |  1  2  3  4  5  6  7  8  9 |
---------------+----------------------------+-----
Stealth        | 10 | 10.5
Invocations    | 1 2 3 4 |  4.8
Long Blades    | 1 2 3 4 |  4.3
Axes           | 1 2 3 4 |  4.3
Maces & Flails | 1 2 3 4 |  4.3
Polearms       | 1 2 3 4 |  4.3
Staves         | 1 2 3 4 |  4.3
Ranged Weapons | 1 2 3 4 |  4.3
Throwing       | 1 2 3 4 |  4.3
Armour         | 1 2 3 4 |  4.3
Shields        | 1 2 3 4 |  4.3
Unarmed Combat | 1 2 3 4 |  4.3
Spellcasting   | 1 2 3 4 |  4.3
Evocations     | 1 2 3 4 |  4.3
Conjurations   | 1 2 3 |  3.6
Hexes          | 1 2 3 |  3.6
Summonings     | 1 2 3 |  3.6
Necromancy     | 1 2 3 |  3.6
Translocations | 1 2 3 |  3.6
Transmutations | 1 2 3 |  3.6
Fire Magic     | 1 2 3 |  3.6
Ice Magic      | 1 2 3 |  3.6
Air Magic      | 1 2 3 |  3.6
Earth Magic    | 1 2 3 |  3.6
Poison Magic   | 1 2 3 |  3.6
Short Blades   | 5 6 |  6.4
Dodging        | 5 6 |  6.4
Fighting       | 7 8 |  8.0

Action                   |  1- 3 |  4- 6 |  7- 9 || total
-------------------------+-------+-------+-------++-------
Melee: Hand axe          |    40 |    95 |   125 ||   260
       Bite              |     4 |     5 |    15 ||    24
       Punch             |       |     1 |     4 ||     5
  Use: Scroll            |       |     7 |     4 ||    11
       Potion            |       |     3 |     3 ||     6
 Stab: Sleeping          |     4 |    24 |     3 ||    31
       Distracted        |     1 |       |       ||     1
Armor: Leather armour    |     8 |    10 |    24 ||    42
Dodge: Dodged            |    24 |    37 |   125 ||   186
